 Dungeon Crawl Stone Soup version 0.29.1-1-gd02db69 (webtiles) character file.

Game seed: 16705564790444587915

18 Timinator the Ducker (level 2, 26/26 HPs)
             Began as a Gnoll Monk on Jan 20, 2023.
             Was a Believer of Hepliaklqana.
             Got out of the dungeon alive.
             The game lasted 00:02:18 (571 turns).

Timinator the Ducker (Gnoll Monk)                    Turns: 571, Time: 00:02:19

Health: 26/26      AC:  2    Str: 16    XL:     2   Next: 70%
Magic:  2/2        EV: 15    Int:  9    God:    Hepliaklqana [**....]
Gold:   37         SH:  0    Dex: 14    Spells: 2/2 levels left

rFire   . . .      SeeInvis .   e - +3 short sword
rCold   . . .      Faith    .   (no shield)
rNeg    . . .      Spirit   .   b - +0 robe
rPois   .          Reflect  .   (no helmet)
rElec   .          Harm     .   (no cloak)
rCorr   .          Rampage  .   (no gloves)
Will    .....                   (no boots)
Stlth   +++.......              (no amulet)
HPRegen 0.08/turn               i - +6 ring of strength
MPRegen 0.08/turn               (no ring)

@: no status effects
A: reduced essence, fangs 1, strong nose, distributed training
a: Renounce Religion, Ancestor Life: Knight, Ancestor Life: Battlemage, Ancestor
Life: Hexer, Recall Ancestor, Ancestor Identity


You escaped.
You worshipped Hepliaklqana.
Hepliaklqana was pleased with you.
You visited 1 branch of the dungeon, and saw 1 of its levels.

You collected 37 gold pieces.

Inventory:

Hand Weapons
 e - a +3 short sword (weapon)
Armour
 b - a +0 robe (worn)
 g - a +0 ring mail
Jewellery
 i - a +6 ring of strength (left hand)
Scrolls
 a - 2 scrolls of identify {unknown}
 d - a scroll of fear {unknown}
 h - a scroll of butterflies {unknown}
Potions
 c - a potion of ambrosia
 f - a potion of attraction {unknown}


   Skills:
 + Level 6.5 Fighting
 + Level 6.5 Short Blades
 + Level 0.5 Long Blades
 + Level 0.5 Axes
 + Level 0.5 Maces & Flails
 + Level 0.5 Polearms
 + Level 0.5 Staves
 + Level 0.5 Ranged Weapons
 + Level 0.5 Throwing
 + Level 0.5 Armour
 + Level 6.5 Dodging
 + Level 4.1 Stealth
 + Level 0.5 Shields
 + Level 0.5 Unarmed Combat
 + Level 0.5 Spellcasting
 + Level 0.3 Conjurations
 + Level 0.3 Hexes
 + Level 0.3 Summonings
 + Level 0.3 Necromancy
 + Level 0.3 Translocations
 + Level 0.3 Transmutations
 + Level 0.3 Fire Magic
 + Level 0.3 Ice Magic
 + Level 0.3 Air Magic
 + Level 0.3 Earth Magic
 + Level 0.3 Poison Magic
 + Level 0.6 Invocations
 + Level 0.5 Evocations


You had 2 spell levels left.
You didn't know any spells.
Your spell library was empty.

Dungeon Overview and Level Annotations

Branches:
Dungeon (1/15)

Altars:
Hepliaklqana


Innate Abilities, Weirdness & Mutations

Your life essence is reduced to manifest your ancestor. (-10% HP)
You have very sharp teeth.
Your uncanny sense of smell can sniff out nearby items.
Your experience applies equally to all skills.


Message History

Found 11 gold pieces.
f - a fizzy clear potion
a - 2 scrolls labelled EZAONT KIQOTI (gained 1)
You now have 22 gold pieces (gained 11).
Found a ring mail.
Found 15 gold pieces.
A bat comes into view.
You see here a scroll labelled PYAKIPH BEFRIELO.
You see here a +0 ring mail.
The helpless bat fails to defend itself.
You impale the bat!!
You kill the bat!
You see here a bat corpse.
You see here a +0 ring mail.
g - a +0 ring mail You now have 37 gold pieces (gained 15).
h - a scroll labelled PYAKIPH BEFRIELO
i - a +6 ring of strength
There are no items here.
You feel stronger.
i - a +6 ring of strength (left hand)
Found a faded altar of an unknown god.
There is a faded altar of an unknown god here.
Found a dagger.
There is a faded altar of an unknown god here.
You cannot tell which god this altar belongs to.
Convert to them anyway?
Hepliaklqana accepts your prayer! Hepliaklqana welcomes you!
Hepliaklqana forms a fragment of your life essence into the memory of your ancestor, Ntombi!
You can now recall your ancestor.
You can now remember your ancestor's identity.
You may now remember your ancestor's life.
You swap places.
(D) Dungeon
Where to? (? - help)
What level of the Dungeon? (default 1, ? - help)
There is an open door here.
There is a staircase leading out of the dungeon here.
Are you sure you want to leave the Dungeon?
This will make you lose the game!
You have escaped!

.......####....#'#...#....##.#
####.### ##..##.##....#####.##
#.# ##.##.##...## #..### #.##
###...##### ##...# #..##
#...##########..... ###..##
##...##.....##...).. ##.....#
####..8..#####.........
##......###.....R.....###........
#.......+.....8.@.8.....'........
#).....†###...........#####^.....
#........#####..8..#### #......
#............##...## #......
#.............#...# ##.....
##............#...# ##...#
##.....#.....##.## #####
##########.###.# #.###'#


You could see the friendly Ntombi the ancestor.

Vanquished Creatures
  3 bats (D:1)
  2 endoplasms (D:1)
  A giant cockroach (D:1)
  3 goblins (D:1)
  A hobgoblin (D:1)
  3 jackals (D:1)
  A ball python (D:1)
  A rat (D:1)
15 creatures vanquished.

Notes
Turn   | Place    | Note
-------+----------+-------------------------------------------
     0 | D:1      | Timinator the Gnoll Monk began the quest for the Orb.
     0 | D:1      | Reached XP level 1. HP: 23/23 MP: 1/1
    57 | D:1      | Reached XP level 2. HP: 22/29 MP: 2/2
   526 | D:1      | Found a faded altar of an unknown god.
   542 | D:1      | Prayed at the altar of an unknown god.
   542 | D:1      | Became a worshipper of Hepliaklqana the Forgotten
   542 | D:1      | Reached * piety under Hepliaklqana
   542 | D:1      | Reached ** piety under Hepliaklqana
   571 | D:$      | Got out of the dungeon alive.

Illustrated notes

Levels and vault maps discovered:
D:1:      evilmike_arrival_plus, layout_rooms, chequers_ecumenical_altar_twisty

Action                   || total
-------------------------++-------
Melee: Short sword       ||    48
       Bite              ||     3
 Stab: Sleeping          ||     2
Armor: Robe              ||     4
Dodge: Dodged            ||    27
